 Dungeon Crawl Stone Soup version 0.30-a0-354-g6b83867211 (webtiles) character file.

Game seed: 8537289246934514805

5464 ryw the Caller (level 10, -2/76 HPs)
             Began as a Demonspawn Summoner on Nov 8, 2022.
             Was an Initiate of Gozag.
             Slain by a white ugly thing (6 damage)
             ... on level 7 of the Dungeon.
             The game lasted 00:34:31 (9205 turns).

ryw the Caller (Demonspawn Summoner)                Turns: 9205, Time: 00:34:32

Health: -2/76      AC: 10    Str: 10    XL:     10   Next: 41%
Magic:  16/19      EV: 15    Int: 20    God:    Gozag
Gold:   199        SH:  0    Dex: 17    Spells: 10/22 levels left

rFire   + . .      SeeInvis .    y - +6 dagger "Beastbane" {vorpal, Dex+4}
rCold   . . .      Faith    .    (no shield)
rNeg    + . .      Spirit   .    a - +0 robe
rPois   .          Reflect  .    (no helmet)
rElec   .          Harm     .    s - +2 cloak
rCorr   .          Rampage  .    o - +2 pair of gloves
Will    .....                    p - +0 pair of boots
Stlth   ++........               (no amulet)
HPRegen 0.32/turn                r - ring of protection from fire
MPRegen 0.16/turn                q - ring of positive energy

@: gold aura, slowed, very slow
A: demonic guardian 2, ignite blood 1, sharp scales 1, demonic touch 1
a: Renounce Religion, Potion Petition, Call Merchant, Bribe Branch


You were on level 7 of the Dungeon.
You worshipped Gozag.
Gozag was aware of your devotion.
You visited 2 branches of the dungeon, and saw 8 of its levels.

You collected 517 gold pieces.
You spent 210 gold pieces at shops.
You paid 108 gold pieces to Gozag.

Inventory:

Hand Weapons
 g - a +0 short sword
 m - a +3 dagger of protection
 n - the +8 spear of Subjectivity {distort, rElec rF+}
   (You found it on level 2 of the Dungeon)

   It warps and distorts space around it, and may blink, banish, or inflict
   extra damage upon those it strikes.
   Unwielding it can cause banishment or high damage.
   rF:        It protects you from fire.
   rElec:     It insulates you from electricity.
 y - the +6 dagger "Beastbane" (weapon) {vorpal, Dex+4}
   (You bought it in a shop on level 5 of the Dungeon)

   It inflicts extra damage upon your enemies.
   Dex:       It affects your dexterity (+4).
Missiles
 v - a throwing net
Armour
 a - a +0 robe (worn)
 o - a +2 pair of gloves (worn)
 p - a +0 pair of boots (worn)
 s - a +2 cloak (worn)
 D - +1 steam dragon scales
Jewellery
 f - a ring of protection from cold
 l - a ring of ice
 q - a ring of positive energy (right hand)
 r - a ring of protection from fire (left hand)
Wands
 x - a wand of light (8)
Scrolls
 i - a scroll of identify
 j - 2 scrolls of fog
 z - a scroll of enchant weapon
 A - a scroll of blinking
Potions
 b - a potion of cancellation {unknown}
 c - 3 potions of curing
 d - 3 potions of flight
 e - a potion of resistance {unknown}
 h - a potion of heal wounds {unknown}
 k - 2 potions of brilliance {unknown}
 t - 2 potions of mutation
 u - 2 potions of degeneration {unknown}
 B - 2 potions of lignification {unknown}
 C - 3 potions of haste {unknown}


   Skills:
 + Level 5.8 Fighting
 - Level 3.0 Short Blades
 - Level 3.0 Polearms
 + Level 5.8 Dodging
 - Level 1.7 Stealth
 + Level 6.5 Spellcasting
 - Level 5.0 Hexes
 + Level 7.9 Summonings
 + Level 4.3 Air Magic


You had 10 spell levels left.
You knew the following spells:

 Your Spells              Type           Power      Damage    Failure   Level
b - Call Imp              Summ           38%        N/A       1%          2
c - Call Canine Familiar  Summ           38%        N/A       1%          3
d - Summon Guardian Gole  Hex/Summ       32%        N/A       1%          3
e - Summon Lightning Spi  Summ/Air       31%        N/A       8%          4

Your spell library contained the following spells:

 Spells                   Type           Power      Damage    Failure   Level
 Summon Small Mammal      Summ           100%       N/A       1%          1
 Magic Dart               Conj           24%        1d4       10%         1
 Dazzling Flash           Conj/Hex       32%        N/A       11%         3
 Mephitic Cloud           Conj/Pois/Air  12%        N/A       16%         3
 Iskenderun's Mystic Bla  Conj/Tloc      6%         2d4       69%         4
 Iskenderun's Battlesphe  Conj           6%         2d6       95%         5
 Iron Shot                Conj/Erth      3%         9d2       100%        6
 Starburst                Conj/Fire      3%         6d3       100%        6
 Spellforged Servitor     Conj/Summ      11%        N/A       100%        7


Dungeon Overview and Level Annotations

Branches:
Dungeon (7/15)             Temple (1/1) D:4

Altars:
Ashenzari
Cheibriados
Dithmenos
Fedhas
Gozag
Hepliaklqana
Kikubaaqudgha
Makhleb
Nemelex Xobeh
Okawaru
Qazlal
Ru
Sif Muna
Trog
Uskayaw
Vehumet
Wu Jian
Xom
Yredelemnul

Shops:
D:2 :   D:5 :((*(


Innate Abilities, Weirdness & Mutations

A demonic guardian rushes to your aid.
Your demonic aura sometimes causes spilled blood to erupt in flames.
You are partially covered in razor-sharp scales. (AC +1, Slay +1)
Your touch may inflict minor irresistible damage on your foes.


Message History

Flame seeps out of your guardian golem.
You closely miss the white ugly thing.
You touch the white ugly thing!
The white ugly thing is almost dead.
Your wolf bites the wraith.
The white ugly thing barely misses you. The wraith hits you.
The wraith drains your vigour!
You feel yourself slow down.
Your wolf closely misses the wraith.
Your guardian golem is engulfed in blazing flames.
Flame seeps out of your guardian golem.
You closely miss the white ugly thing.
The white ugly thing is almost dead.
Your wolf closely misses the wraith.
The white ugly thing kicks you. The white ugly thing freezes you!!
The wraith hits you but does no damage.
Your wolf barely misses the wraith.
You barely miss the white ugly thing. Your touch misses the white ugly thing.
The white ugly thing is almost dead.
Your wolf bites the wraith.
The white ugly thing barely misses you. The wraith closely misses you.
Your wolf barely misses the wraith.
The white ugly thing barely misses you. The wraith barely misses you.
You barely miss the white ugly thing.
The white ugly thing is almost dead.
Your wolf bites the wraith but does no damage.
Your wolf closely misses the wraith.
The white ugly thing completely misses you.
The wraith barely misses you.
You completely miss the white ugly thing.
The white ugly thing is almost dead.
Your wolf misses the wraith.
The white ugly thing closely misses you.
Your wolf closely misses the wraith.
The wraith hits you. The wraith drains your vigour!
You feel as though you will be slow longer.
You hit the white ugly thing. Your touch misses the white ugly thing.
The white ugly thing is almost dead.
Your wolf bites the wraith.
The white ugly thing kicks you.
A demonic guardian appears!
The white ugly thing freezes you!!
* * * LOW HITPOINT WARNING * * *
Your wolf closely misses the wraith.
The wraith hits you but does no damage. The white ugly thing kicks you.
You die...
Your body crumbles into a pile of gold.

#..........####.#..###...
#####.....>..................
#...☼○###########.#).........
#...§§# *..* *..#....#####...
###...§.#**,.###.,###..........
#.......#*,*#...#*,*#..........
#.....#.##,,#9..#,,*#######....
#.[......#,,#uWh#,,*#..........
#####....#####@#****#..........
####....##..4.# #..........
#............#######......####
#............#............#
###............#.........#### #
#..............#.........# #
#.....##.......#.........# ##
#.....##.###...#.........# #.
###......#
#...#.........######.


You could see a white ugly thing (ally target), a wraith (ally target), a
friendly orange demon (summoned, wandering), a friendly guardian golem
(summoned, inner flame) and a friendly wolf (summoned, sheltered).

Vanquished Creatures
  A troll (D:6)
  Sigmund (D:3)
  2 water moccasins
  A black bear (D:6)
  An ice beast (D:6)
  An ogre (D:7)
  2 centaurs
  A phantom (D:6)
  3 lemures (D:6)
  A bullfrog (D:7)
  2 necrophages
  A scorpion (D:7)
  A howler monkey (D:4)
  Crazy Yiuf (D:2)
  An orc priest (D:4)
  2 hounds
  3 iguanas
  5 gnolls
  3 adders
  A shadow imp (D:7)
  A white imp (D:5)
  An ufetubus (D:6)
  4 dart slugs
  9 orcs
  3 ball pythons
  8 endoplasms
  2 giant cockroaches (D:2)
  3 goblins
  5 hobgoblins
  4 quokkas
  3 bats
  A frilled lizard (D:3)
  5 kobolds
  4 rats
87 creatures vanquished.

Vanquished Creatures (collateral kills)
  A manticore (D:7)
  A troll (D:7)
  A kobold brigand (D:6)
  2 scorpions (D:6)
  A howler monkey (D:4)
  3 hounds (D:5)
  3 orc priests
  2 orc wizards
  2 gnolls (D:5)
  3 adders
  2 white imps (D:6)
  A worm (D:4)
  A dart slug (D:1)
  3 orcs
  3 ball pythons
  4 endoplasms
  7 goblins
  4 hobgoblins
  2 quokkas (D:1)
  2 bats (D:1)
  3 frilled lizards (D:1)
  11 kobolds
  4 rats
66 creatures vanquished.

Vanquished Creatures (others)
  2 boulder beetles (D:6)
  Pikel (D:6)
  Maggie (D:7)
  A steam dragon (D:6)
  Edmund (D:4)
  An acid dragon (D:6)
  2 ogres (D:6)
  A lemure (D:6)
  A hound (D:6)
  An orc priest (D:5)
  An orc wizard (D:5)
  2 orcs (D:5)
15 creatures vanquished.

Grand Total: 168 creatures vanquished

Notes
Turn   | Place    | Note
-------+----------+-------------------------------------------
     0 | D:1      | ryw the Demonspawn Summoner began the quest for the Orb.
     0 | D:1      | Reached XP level 1. HP: 13/13 MP: 3/3
   144 | D:1      | Gained mutation: Your demonic aura sometimes causes spilled
                  | blood to erupt in flames. [demonic ancestry]
   144 | D:1      | Reached XP level 2. HP: 19/19 MP: 0/5
   153 | D:1      | Learned a level 2 spell: Call Imp
   643 | D:1      | Gained mutation: You are partially covered in razor-sharp
                  | scales. (AC +1, Slay +1) [demonic ancestry]
   643 | D:1      | Reached XP level 3. HP: 24/24 MP: 0/7
   647 | D:1      | Learned a level 3 spell: Call Canine Familiar
  1191 | D:2      | Identified the +8 spear of Subjectivity {distort, rElec
                  | rF+}
  1671 | D:2      | Found Jacs's Book Boutique.
  1714 | D:2      | Found a runed translucent door.
  1715 | D:2      | Noticed Crazy Yiuf
  2158 | D:2      | Killed Crazy Yiuf
  2159 | D:2      | Reached skill level 1 in Polearms
  2159 | D:2      | Gained mutation: A weak demonic guardian rushes to your
                  | aid. [demonic ancestry]
  2159 | D:2      | Reached XP level 4. HP: 30/30 MP: 1/8
  2283 | D:2      | Learned a level 3 spell: Summon Guardian Golem
  2383 | D:3      | Noticed Sigmund
  2392 | D:3      | Killed Sigmund
  2393 | D:3      | Reached skill level 1 in Fighting
  2393 | D:3      | Reached skill level 1 in Hexes
  2393 | D:3      | Reached skill level 5 in Summonings
  2393 | D:3      | Reached XP level 5. HP: 37/37 MP: 3/10
  2393 | D:3      | Reached XP level 6. HP: 43/43 MP: 3/11
  3343 | D:4      | Gained mutation: Your touch may inflict minor irresistible
                  | damage on your foes. [demonic ancestry]
  3343 | D:4      | Reached XP level 7. HP: 43/50 MP: 12/12
  3407 | D:4      | Noticed Edmund
  3440 | D:4      | Killed Edmund
  3633 | D:4      | Found a sparkling altar of Nemelex Xobeh.
  3841 | D:4      | Found a staircase to the Ecumenical Temple.
  3846 | Temple   | Entered the Ecumenical Temple
  3966 | D:5      | Entered Level 5 of the Dungeon
  4454 | D:5      | Found Oxism's Assorted Antiques.
  4458 | D:5      | Found a broken altar of Ashenzari.
  4478 | D:5      | Reached skill level 6 in Summonings
  4478 | D:5      | Reached XP level 8. HP: 58/58 MP: 4/14
  4563 | D:5      | Found Tilots's Antique Weapon Shoppe.
  4584 | D:5      | Bought an encrusted dagger for 210 gold pieces
  4584 | D:5      | Identified the +6 dagger "Beastbane" {vorpal, Dex+4} (You
                  | bought it in a shop on level 5 of the Dungeon)
  4698 | D:5      | Found Fuwa's Antique Weapon Boutique.
  5092 | D:5      | Found Cyggan's Book Boutique.
  5100 | D:5      | Learned a level 4 spell: Summon Lightning Spire
  5341 | D:5      | Found Hiats's Weapon Emporium.
  5410 | D:5      | Reached skill level 1 in Short Blades
  5762 | D:6      | Reached skill level 1 in Air Magic
  5844 | D:6      | Noticed a boulder beetle
  6201 | D:6      | Killed a boulder beetle
  6202 | D:6      | Reached skill level 5 in Spellcasting
  6202 | D:6      | Reached XP level 9. HP: 65/65 MP: 5/16
  6666 | D:6      | Found an iron altar of Okawaru.
  6667 | D:6      | Found a shadowy altar of Dithmenos.
  6710 | D:6      | Found an opulent altar of Gozag.
  6711 | D:6      | Found a snail-covered altar of Cheibriados.
  6795 | D:6      | Noticed Pikel
  7123 | D:6      | Reached skill level 7 in Summonings
  7257 | D:6      | Noticed a boulder beetle
  7293 | D:6      | Killed a boulder beetle
  7294 | D:6      | Reached skill level 5 in Fighting
  7294 | D:6      | Reached skill level 5 in Dodging
  7294 | D:6      | Reached skill level 5 in Hexes
  7523 | D:6      | Killed Pikel
  7524 | D:6      | Gained mutation: A demonic guardian rushes to your aid.
                  | [demonic ancestry]
  7524 | D:6      | Reached XP level 10. HP: 63/74 MP: 11/19
  7579 | D:6      | Became a worshipper of Gozag Ym Sagoz the Greedy
  8280 | D:7      | Noticed Maggie
  8295 | D:7      | Killed Maggie
  8372 | D:7      | Noticed a boulder beetle
  9088 | D:7      | Noticed a manticore
  9097 | D:7      | Killed a manticore
  9184 | D:7      | Noticed a white ugly thing
  9205 | D:7      | Slain by a white ugly thing

Illustrated notes

Levels and vault maps discovered:
D:1:      zaba_arrival_water, layout_rooms, hangedman_decor_clover_reticule
D:2:      layout_loops_corners, serial_shops, nicolae_shop_statue_plus,
          uniq_crazy_yiuf_cottage
D:3:      layout_loops_ring, uniq_sigmund
D:4:      layout_cave_pools, mainiacjoe_overflow_24_doors, temple_doors_ab,
          uniq_edmund
D:5:      layout_basic, ashenzari_altar_1, serial_shops, shop,
          kennysheep_mini_moat, nicolae_shop_overgrown_old_shop, shop,
          nicolae_lakefront_shop, serial_corexii_hall, corexii_hall_statues_l,
          corexii_hall_statues_l, minmay_small_thing
D:6:      minmay_chambers_of_sixes, layout_rooms, mainiacjoe_overflow_alcove_3,
          uniq_pikel
D:7:      minmay_blocky_corners, layout_basic, uniq_maggie
Temple:   minmay_freezing_vapour_temple

Skill      XL: |  1  2  3  4  5  6  7  8  9 10 |
---------------+-------------------------------+-----
Spellcasting   | 3 4 5 6 |  6.5
Polearms       | 1 2 3 |  3.0
Fighting       | 1 2 3 4 5 |  5.8
Dodging        | 2 3 4 5 |  5.8
Hexes          | 1 2 3 4 5 |  5.0
Summonings     | 5 6 7 |  7.9
Short Blades   | 2 3 |  3.0
Air Magic      | 2 3 4 |  4.3
Stealth        | |  1.7

Action                   |  1- 3 |  4- 6 |  7- 9 | 10-12 || total
-------------------------+-------+-------+-------+-------++-------
Melee: Unarmed           |    14 |       |       |       ||    14
       Dagger            |    10 |       |    50 |    34 ||    94
       Short sword       |     5 |       |       |       ||     5
       Spear             |    28 |    53 |    30 |       ||   111
       Punch             |       |     1 |       |     1 ||     2
       Touch             |       |       |    13 |     8 ||    21
 Cast: Summon Small Mamm |    23 |     1 |     3 |       ||    27
       Call Imp          |     9 |     2 |    14 |     4 ||    29
       Call Canine Famil |     9 |    12 |    39 |    12 ||    72
       Summon Guardian G |       |       |    29 |     5 ||    34
       Summon Lightning  |       |       |       |     3 ||     3
  Use: Scroll            |       |     7 |     7 |     2 ||    16
       Potion            |       |       |     1 |       ||     1
 Stab: Sleeping          |     3 |     4 |       |       ||     7
       Distracted        |       |       |     1 |     1 ||     2
Armor: Robe              |    14 |    17 |    28 |    16 ||    75
Dodge: Dodged            |    34 |    14 |    56 |    34 ||   138

Table legend: (Time is in decaauts)
 A = Elapsed time spent in this place.
 B = Non-inter-level travel time spent in this place.
 C = Inter-level travel time spent in this place.
 D = Time resting spent in this place.
 E = Time spent auto-exploring this place.
 F = Levels seen in this place.
 G = Mean time per level.
                   A        B        C        D        E       F      G
               +--------+--------+--------+--------+--------+-----+--------+
         Total |   9209 |   8575 |    634 |   1132 |   5706 |   8 | 1151.1 |
       Dungeon |   9199 |   8569 |    630 |   1132 |   5706 |   7 | 1314.1 |
        Temple |      9 |      5 |      4 |      0 |      0 |   1 |    9.0 |
               +--------+--------+--------+--------+--------+-----+--------+

Top non-repeatable levels by time:
     D:5: 2049 daAuts
     D:6: 1907 daAuts
     D:2: 1504 daAuts
     D:7: 1148 daAuts
     D:1: 883 daAuts
     D:3: 856 daAuts
     D:4: 850 daAuts
  Temple: 9 daAuts
